 Dungeon Crawl Stone Soup version 0.29.1-1-gd02db6906a (webtiles) character file.

Game seed: 10677515658299582298

32 RogueRain17 the Ruffian (level 3, 9/27 HPs)
             Began as a Demonspawn Gladiator on Sept 16, 2022.
             Got out of the dungeon alive.
             The game lasted 00:01:07 (607 turns).

RogueRain17 the Ruffian (Demonspawn Gladiator)       Turns: 607, Time: 00:01:08

Health: 9/27       AC:  4    Str: 16    XL:     3   Next: 8%
Magic:  3/3        EV: 12    Int:  9    God:
Gold:   51         SH:  0    Dex: 14    Spells: 2/2 levels left

rFire   . . .      SeeInvis .     - Unarmed
rCold   . . .      Faith    .   (no shield)
rNeg    . . .      Spirit   .   a - +0 leather armour
rPois   .          Reflect  .   b - +0 helmet
rElec   .          Harm     .   (no cloak)
rCorr   .          Rampage  .   (no gloves)
Will    .....                   (no boots)
Stlth   +.........              (no amulet)
HPRegen 0.09/turn               (no ring)
MPRegen 0.08/turn               (no ring)

@: no status effects
A: hooves 1, foul stench 1
a: no special abilities


You escaped.
You visited 1 branch of the dungeon, and saw 1 of its levels.

You collected 51 gold pieces.

Inventory:

Missiles
 c - 3 throwing nets (quivered)
 d - a javelin
Armour
 a - a +0 leather armour (worn)
 b - a +0 helmet (worn)
Scrolls
 e - a scroll of blinking {unknown}
 f - a scroll of silence {unknown}
 g - 2 scrolls of identify {unknown}
 i - a scroll of torment {unknown}
Potions
 h - a potion of flight {unknown}


   Skills:
 + Level 2.2 Fighting
 - Level 1.9 Throwing
 + Level 0.1 Armour
 + Level 2.9 Dodging
 * Level 3.4 Unarmed Combat


You had 2 spell levels left.
You didn't know any spells.
Your spell library contained the following spells:

 Spells                   Type           Power      Damage    Failure   Level
 Slow                     Hex            0%         N/A       45%         1
 Confusing Touch          Hex            0%         N/A       83%         3
 Vampiric Draining        Necr           0%         2d6       83%         3


Dungeon Overview and Level Annotations

Branches:
Dungeon (1/15)

Altars:


Innate Abilities, Weirdness & Mutations

You have large cloven feet.
You may rarely emit foul miasma when damaged in melee.


Message History

h - a viscous puce potion
Found a stone staircase leading down.
You now have 35 gold pieces (gained 9).
There is a stone staircase leading down here.
A giant cockroach comes into view.
The giant cockroach bites you.
The giant cockroach bites you but does no damage.
You closely miss the giant cockroach.
You kick the giant cockroach, but do no damage.
The giant cockroach barely misses you.
You hit the giant cockroach.
You kill the giant cockroach!
No target in view!
You see here a giant cockroach corpse.
You now have 51 gold pieces (gained 16).
i - a scroll labelled FOCUYSTROLAK A gnoll comes into view.
It is wielding a +0 flail.
The gnoll shouts!
The gnoll misses you.
You hit the gnoll. You punch the gnoll.
The gnoll is severely wounded.
The gnoll hits you with a +0 flail!
You hit the gnoll.
The gnoll is almost dead.
The gnoll hits you with a +0 flail!
Ouch! That really hurt!
* * * LOW HITPOINT WARNING * * *
You are too injured to fight recklessly!
You are too injured to fight recklessly!
You hit the gnoll.
You kill the gnoll!
You have reached level 3!
Your experience leads to an increase in your attributes!
Increase (S)trength, (I)ntelligence, or (D)exterity?
You feel stronger. x2; Your demonic ancestry asserts itself...
You begin to emit a foul stench of rot and decay.
You see here a giant cockroach corpse.
There is a staircase leading out of the dungeon here.
Are you sure you want to leave the Dungeon?
This will make you lose the game!
You have escaped!

.......# .......#
#.#....# .......#
#...#..##
.......######..#.#.(####
.......#......#...#.....
.........#####.....#####
÷.........#...........#..
.†#######(.#.........#..#
#.### ##..#....@....#..#
....# #..#...........#..
....# #.#####.....#####.#
....# #......#...#......#
#...# ###.##..#.#....#.##
#...### #......#..#......
###...##
####.....###..... #
###).# ##...#.....# ##.##
#####.##.###.#


There were no monsters in sight!

Vanquished Creatures
  A gnoll (D:1)
  A dart slug (D:1)
  2 bats (D:1)
  A giant cockroach (D:1)
  4 goblins (D:1)
  A hobgoblin (D:1)
  3 jackals (D:1)
  2 quokkas (D:1)
  A frilled lizard (D:1)
  2 rats (D:1)
18 creatures vanquished.

Notes
Turn   | Place    | Note
-------+----------+-------------------------------------------
     0 | D:1      | RogueRain17 the Demonspawn Gladiator began the quest for
                  | the Orb.
     0 | D:1      | Reached XP level 1. HP: 16/16 MP: 1/1
   143 | D:1      | Gained mutation: You have large cloven feet. [demonic
                  | ancestry]
   143 | D:1      | Reached XP level 2. HP: 15/22 MP: 2/2
   321 | D:1      | Reached skill level 3 in Unarmed Combat
   551 | D:1      | Gained mutation: You may rarely emit foul miasma when
                  | damaged in melee. [demonic ancestry]
   551 | D:1      | Reached XP level 3. HP: 4/27 MP: 3/3
   607 | D:$      | Got out of the dungeon alive.

Illustrated notes

Levels and vault maps discovered:
D:1:      scummos_arrival_star, layout_basic, serial_curves, eino_curves_02,
          eino_curves_02

Skill      XL: |  1  2 |
---------------+-------+-----
Unarmed Combat | 3 |  3.4
Fighting       | |  2.2
Throwing       | |  1.9
Armour         | |  0.1
Dodging        | |  2.9

Action                   || total
-------------------------++-------
Melee: Unarmed           ||    55
       Kick              ||     8
       Punch             ||     1
Armor: Leather armour    ||    20
Dodge: Dodged            ||    52
